cohdb
Replays
Latest Replays
All Replays
Popular Replays
Top Player Replays
Match Explorer
How It Works
Community
CoH3 Stats
Reddit
Sign in to upload your games and track your stats! →
Sign in with Steam
Match 20310691
Unlisted
Match 20310691
Overview
Messages
Build Orders
End
Construct Weapon Support Center
M1919 Machine Gun Team
Selects Airborne Battlegroup
Selects Pathfinders
Pathfinder Squad
M1919 Machine Gun Team
Bazooka Squad
Construct Medical Station
Infantry Support Center
Selects Paratrooper Squad Paradrop
Paratrooper Squad Paradrop
Construct Motor Pool
M8 Greyhound Armored Car
Selects Anti-tank Gun Team Paradrop
Selects Recon Loiter
Construct Tank Depot
Engineer Squad
M4A1 Sherman Medium Tank
Anti-tank Gun Team Paradrop
M18 Hellcat Tank Destroyer
aka p.r.a.s.a.
☦☦☦Ashur
Frost
Walther
0
0
Comments
sign in to comment!
No comments posted yet!